 Dungeon Crawl Stone Soup version 0.31-a0-202-g547052bce9 (webtiles) character file.

Game seed: 1204033759538968527

39 qw the Shooter (level 3, 0/20 HPs)
             Began as a Deep Elf Hunter on June 26, 2023.
             Slain by a hobgoblin (3 damage)
             ... on level 1 of the Dungeon.
             The game lasted 00:00:21 (534 turns).

qw the Shooter (Deep Elf Hunter)                     Turns: 534, Time: 00:00:22

Health: 0/20       AC:  6    Str: 10    XL:     3   Next: 26%
Magic:  5/5        EV: 11    Int: 13    God:
Gold:   42         SH:  0    Dex: 18    Spells: 2/2 levels left

rFire   . . .        Y - +0 shortbow
rCold   . . .        (shield currently unavailable)
rNeg    . . .        e - +0 ring mail
rPois   .            f - +0 helmet
rElec   .            (no cloak)
rCorr   .            (no gloves)
SInv    .            (no boots)
Will    .....        (no amulet)
Stlth   +            (no ring)
HPRegen 0.23/turn    (no ring)
MPRegen 0.09/turn

%: no passive effects
@: mighty
A: no striking features
a: no special abilities


You were on level 1 of the Dungeon.
You visited 1 branch of the dungeon, and saw 2 of its levels.

You collected 42 gold pieces.


   Skills:
 - Level 1.5 Fighting
 + Level 6.8 Ranged Weapons
 - Level 2.4 Dodging
 - Level 1.2 Stealth


You had 2 spell levels left.
You didn't know any spells.
Your spell library was empty.

Inventory:

Hand Weapons
 Y - a +0 shortbow (weapon)
Armour
 e - a +0 ring mail (worn)
 f - a +0 helmet (worn)
Potions
 d - a potion of might

Dungeon Overview and Level Annotations

Branches:
Dungeon (2/15)

Altars:


Message History

The adder bites you but does no damage. The jackal closely misses you.
The endoplasm hits you but does no damage.
The hobgoblin hits you.
You climb upwards.
There is a stone staircase leading down here.
Enter note:
Enter note:
Enter note:
Enter note:
Enter note:
Enter note: You shoot an arrow.
The arrow hits the adder.
You kill the adder!
The jackal barely misses you. The endoplasm completely misses you.
The hobgoblin barely misses you. The jackal barely misses you.
You shoot an arrow. The arrow hits the endoplasm.
The endoplasm is severely wounded.
You flicker back into view.
The jackal bites you but does no damage.
The endoplasm freezes you.
You are frozen.
The hobgoblin closely misses you.
You shoot an arrow.
The arrow hits the endoplasm but does no damage.
The endoplasm is severely wounded.
The jackal closely misses you. The endoplasm barely misses you.
The hobgoblin closely misses you. The jackal bites you.
You shoot an arrow. The arrow barely misses the endoplasm.
The jackal closely misses you. The endoplasm freezes you.
You are frozen.
The hobgoblin closely misses you.
The jackal bites you but does no damage.
The endoplasm hits you.
The hobgoblin hits you but does no damage.
You shoot an arrow.
The arrow hits the endoplasm but does no damage.
The endoplasm is heavily wounded.
The jackal closely misses you. The endoplasm freezes you.
You are frozen.
The hobgoblin hits you.
You die...

####### #### ############
######.....#####...
.....[##...####......###.##....(.
......##.............###+##......
................gJ...#...........
................@%...#...........
...............h.....+...........
.............###.....#####.......
.............+.#.....##..........
..........)..#.#)....##.###...###
.............#.#.....##........#
..........%....#.....+.........##
.........#....#......##........##
####..........+.....#..........##


You could see an endoplasm, a jackal and a hobgoblin.

Vanquished Creatures
  An adder (D:1)
  4 ball pythons (D:1)
  3 endoplasms (D:1)
  2 giant cockroaches (D:1)
  A hobgoblin (D:1)
  A jackal (D:2)
  4 kobolds
  A quokka (D:1)
  3 bats (D:1)
  5 goblins (D:1)
  4 rats (D:1)
29 creatures vanquished.

Notes
Turn   | Place    | Note
-------+----------+-------------------------------------------
     0 | D:1      | qw the Deep Elf Hunter began the quest for the Orb.
     0 | D:1      | Reached XP level 1. HP: 12/12 MP: 3/3
     0 | D:1      | 0 ||| qw: Version: 0.3-a-22-g0ed2b0b
     0 | D:1      | 0 ||| qw: Game counter: 5844
     0 | D:1      | 0 ||| qw: Melee chars always use a shield: true
     0 | D:1      | 0 ||| qw: God list: Okawaru
     0 | D:1      | 0 ||| qw: Allow faded altars: false
     0 | D:1      | 0 ||| qw: Do Orc after clearing Dungeon:15 true
     0 | D:1      | 0 ||| qw: Do second Lair branch before Depths: true
     0 | D:1      | 0 ||| qw: Lair rune preference: random
     0 | D:1      | 0 ||| qw: Goals: Normal
     0 | D:1      | 0 ||| PLANNING D:1-11
   180 | D:1      | Reached XP level 2. HP: 16/16 MP: 4/4
   189 | D:1      | Reached skill level 6 in Ranged Weapons
   446 | D:1      | 446 ||| UPGRADING to +0 ring mail.
   456 | D:1      | 456 ||| DROPPING +0 leather armour.
   457 | D:1      | 457 ||| UPGRADING to +0 helmet.
   462 | D:1      | 462 ||| READING scroll labelled HISSIC KAINLU.
   491 | D:1      | 491 ||| READING scroll labelled DAOSUD WOHUI.
   492 | D:1      | 492 ||| READING scroll labelled FUEBLA VEWN.
   493 | D:1      | 493 ||| READING scroll labelled RECKOE BUAGERCH.
   497 | D:1      | 497 ||| READING scroll labelled HEATEH PEPS.
   498 | D:1      | 498 ||| DRINKING 2 glowing green potions.
   499 | D:1      | 499 ||| DRINKING 2 emerald potions.
   500 | D:1      | 500 ||| DROPPING scroll of butterflies.
   501 | D:1      | 501 ||| DROPPING potion of invisibility.
   525 | D:2      | Reached XP level 3. HP: 20/20 MP: 5/5
   528 | D:2      | 528 ||| STAIRDANCE
   534 | D:1      | HP: 3/20 [frozen (3)]
   534 | D:1      | Slain by a hobgoblin

Levels and vault maps discovered:
D:1:      matt_arrival_grand_opening, layout_basic, minmay_bisected
D:2:      layout_rooms, uniq_jessica

Skill      XL: |  1  2 |
---------------+-------+-----
Ranged Weapons | 6 |  6.8
Fighting       | |  1.5
Dodging        | |  2.4
Stealth        | |  1.2

Action                     || total
---------------------------++-------
   Fire: Shortbow          ||    74
    Use: Scroll            ||     5
         Potion            ||     2
 Armour: Leather armour    ||     4
         Ring mail         ||     7
  Dodge: Dodged            ||    27

Table legend:
 A = Non-vault XP
 B = Vault XP
 C = Vault XP percentage of total XP
 D = Non-vault monster count
 E = Vault monster count
 F = Vault count percentage of total count
                 A         B        C        D         E       F
            +---------+---------+-------+---------+---------+-------
      Total |      49 |       7 |  12.5 |      24 |       5 |  17.2
            +---------+---------+-------+---------+---------+-------
        D:1 |      46 |       7 |  13.2 |      22 |       5 |  18.5
        D:2 |       3 |       0 |   0.0 |       2 |       0 |   0.0
            +---------+---------+-------+---------+---------+-------
